 Dungeon Crawl Stone Soup version 0.27.1-2-g3b301248ec (webtiles) character file.

Game seed: 10860997255856194723

151 Borgoz the Skirmisher (level 5, 0/33 HPs)
             Began as a Gargoyle Berserker on Sept 24, 2021.
             Was a Priest of Trog.
             Slain by an orc wizard (2 damage)
             ... on level 3 of the Dungeon.
             The game lasted 00:02:52 (3233 turns).

Borgoz the Skirmisher (Gargoyle Berserker)          Turns: 3233, Time: 00:02:53

Health: 0/33       AC:  6    Str: 21    XL:     5   Next: 33%
Magic:  5/5        EV: 12    Int:  7    God:    Trog [***...]
Gold:   136        SH:  5    Dex: 16    Spells: 4/4 levels left

rFire    + . .     SeeInvis .   a - +0 mace
rCold    . . .     Faith    .   (no shield)
rNeg     + . .     Spirit   .   b - +0 animal skin
rPois    ∞         Reflect  +   (no helmet)
rElec    +         Harm     .   (no cloak)
rCorr    .         Rampage  .   (no gloves)
Will     ++...                  (no boots)
Stlth    +.........             h - amulet of reflection
HPRegen  1.11/turn              e - +6 ring of dexterity
MPRegen  0.09/turn              k - ring of protection from fire

@: strong-willed (expiring), on berserk cooldown, regenerating (expiring)
A: sickness immunity, AC +4, negative energy resistance 1, electricity
resistance, torment resistance 1, petrification resistance
a: Renounce Religion, Berserk, Trog's Hand


You were on level 3 of the Dungeon.
You worshipped Trog.
Trog was most pleased with you.
You visited 1 branch of the dungeon, and saw 3 of its levels.

You collected 136 gold pieces.

Inventory:

Hand Weapons
 a - a +0 mace (weapon)
Armour
 b - a +0 animal skin (worn)
Jewellery
 e - a +6 ring of dexterity (left hand)
 h - an amulet of reflection (around neck)
 k - a ring of protection from fire (right hand)
 l - a ring of see invisible
 m - a ring of resist corrosion
Scrolls
 g - 2 scrolls of identify {unknown}
 n - a scroll of magic mapping {unknown}
 o - a scroll of brand weapon {unknown}
Potions
 c - a potion of cancellation {unknown}
 d - a potion of curing {unknown}
 f - 2 potions of might {unknown}
 i - a potion of flight {unknown}
 j - a potion of attraction {unknown}


   Skills:
 + Level 4.3 Fighting
 + Level 3.9 Maces & Flails
 + Level 3.4 Armour
 + Level 2.5 Dodging


You had 4 spell levels left.
You didn't know any spells.
Your spell library was empty.

Dungeon Overview and Level Annotations

Branches:
Dungeon (3/15)

Altars:

Shops:
D:3 ?[[


Innate Abilities, Weirdness & Mutations

You are immune to sickness and miasma.
Your stone body is resilient. (AC +4)
You are immune to poison.
You resist negative energy. (rN+)
You are resistant to electric shocks. (rElec)
You are resistant to unholy torment.
You are immune to petrification.


Message History

The orc wizard hits you with a +0 whip.
The orc wizard drinks a potion.
The orc wizard seems to speed up.
You hit the orc wizard.
The orc wizard is moderately wounded.
You block the orc wizard's attack. The orc wizard hits you with a +0 whip.
You closely miss the orc wizard.
The orc wizard is moderately wounded.
The orc wizard hits you with a +0 whip.
The orc wizard hits you but does no damage.
The orc wizard casts a spell at you. The puff of flame hits you. You resist.
You hit the orc wizard but do no damage.
The orc wizard is moderately wounded.
The orc wizard hits you but does no damage.
The orc wizard closely misses you.
The orc wizard gestures wildly while chanting.
The orc wizard flickers and vanishes!
Deactivating autopickup; reactivate with Ctrl-A.
You hit something but do no damage. Something hits you but does no damage.
Something hits you.
You hit something.
You feel yourself speed up. Something hits you.
Something hits you but does no damage. x2
You closely miss something.
Something hits you but does no damage. x2
You hit something but do no damage. Something hits you.
Something hits you but does no damage.
You closely miss something.
You hear some strange, mumbled words.
A puff of flame appears from out of thin air!
The puff of flame hits you. You resist.
You hit something. Something hits you. Something hits you but does no damage.
You miss something. Something hits you. x2
You hit something.
You feel the effects of Trog's Hand fading.
You hear some strange, mumbled words.
A magic dart appears from out of thin air!
The magic dart hits you!
* * * LOW HITPOINT WARNING * * *
Something hits you.
You die...

........#....#.#
#.# #.#
##...###.#####.#
#.# #.# ##>##
### #.# #.# #.#
### #.# #.# #.#
#.## #.# #.#
###..## #.# #..
#.....##### #.#
###
#.#.......####.#
#....@{.....##.#
#..#####.....#.#
#.†## ##....#.#
#.. #......# #..
#...#### #..
#...# #.. #...#
##. #....# ##
.....##


There were no monsters in sight!

Vanquished Creatures
  A scorpion (D:3)
  An adder (D:2)
  2 worms (D:2)
  A dart slug (D:2)
  4 orcs (D:3)
  9 endoplasms
  A giant cockroach (D:2)
  5 goblins
  6 hobgoblins
  10 jackals
  4 quokkas (D:1)
  4 ball pythons
  3 bats
  4 frilled lizards
  6 kobolds
  8 rats
69 creatures vanquished.

Notes
Turn   | Place    | Note
-------+----------+-------------------------------------------
     0 | D:1      | Borgoz the Gargoyle Berserker began the quest for the Orb.
     0 | D:1      | Reached XP level 1. HP: 14/14 MP: 1/1
   169 | D:1      | Reached XP level 2. HP: 19/19 MP: 2/2
   516 | D:1      | Reached ** piety under Trog
   869 | D:1      | Reached XP level 3. HP: 16/23 MP: 3/3
  1790 | D:2      | Reached XP level 4. HP: 24/29 MP: 4/4
  2309 | D:2      | Reached skill level 4 in Fighting
  2789 | D:3      | Found Monko's Armour Boutique.
  2792 | D:3      | Found Wuffis's Armour Shoppe.
  2868 | D:3      | Found Noorgh's Magic Scroll Emporium.
  2955 | D:3      | Reached *** piety under Trog
  3185 | D:3      | Noticed a scorpion
  3193 | D:3      | Killed a scorpion
  3194 | D:3      | Reached XP level 5. HP: 33/33 MP: 5/5
  3233 | D:3      | Slain by an orc wizard

Illustrated notes

Levels and vault maps discovered:
D:1:      matt_arrival_los_fun, layout_loops_ring
D:2:      kennysheep_six_static_rooms, layout_basic,
          chequers_serial_rivers_micro_b, chequers_serial_rivers_large_b,
          minmay_3d_cube
D:3:      layout_loops_ring, serial_shops, shop,
          nicolae_shop_competitors_out_of_business, shop,
          kennysheep_jessica_study

Skill      XL: |  1  2  3  4 |
---------------+-------------+-----
Dodging        | 2 |  2.5
Armour         | 3 |  3.4
Fighting       | 4 |  4.3
Maces & Flails | |  3.9

Action                   |  1- 3 |  4- 6 || total
-------------------------+-------+-------++-------
Melee: Mace              |   128 |    88 ||   216
Invok: Berserk           |     1 |     1 ||     2
       Trog's Hand       |     1 |     1 ||     2
 Stab: Sleeping          |     2 |     1 ||     3
Armor: Animal skin       |    36 |    25 ||    61
Dodge: Dodged            |    86 |    35 ||   121
Block: Other             |    10 |    14 ||    24
       Reflection        |     1 |       ||     1
